 Dungeon Crawl Stone Soup version 0.23-b1-75-g379dba2534 (webtiles) character file.

Game seed: 6697894369952160808

15468 Gunterle the Basher (level 12, -4/113 HPs)
             Began as a Troll Berserker on Feb 6, 2019.
             Was a High Priest of Trog.
             Slain by an orc knight
             ... wielding a cursed -2 halberd
              (31 damage)
             ... in a bailey on Feb 7, 2019.
             The game lasted 01:18:27 (8021 turns).

Gunterle the Basher (Troll Berserker)               Turns: 8021, Time: 01:18:32

Health: -4/113     AC: 12    Str: 28    XL:     12   Next: 1%
Magic:  11/11      EV: 12    Int:  3    God:    Trog [*****.]
Gold:   935        SH:  4    Dex: 13    Spells: 11/11 levels left

rFire    . . .     SeeInvis .   r - +5 flail (venom)
rCold    . . .     Gourm    +   (no shield)
rNeg     . . .     Faith    .   j - +0 acid dragon scales
rPois    .         Spirit   .   l - +1 hat {MR+}
rElec    .         Reflect  +   (no cloak)
rCorr    +         Harm     .   (gloves unavailable)
MR       +++..                  (boots unavailable)
Stlth    +.........             I - +4 amulet of reflection
HPRegen  0.68/turn              a - ring of protection from magic
MPRegen  0.12/turn              k - ring of protection from magic

@: about to teleport
A: large, unfitting armour, claws 3, fast metabolism 3, gourmand, regeneration
1, shaggy fur 1, tough skin 3
a: Berserk, Trog's Hand, Brothers in Arms, Renounce Religion


You were in a bailey.
You worshipped Trog.
Trog was extremely pleased with you.
You were completely stuffed.

You visited 3 branches of the dungeon, and saw 14 of its levels.
You also visited: Bailey.

You collected 935 gold pieces.

Inventory:

Hand Weapons
 m - a +0 giant spiked club
 n - a +2 trident of protection
 r - a +5 flail of venom (weapon)
 v - a +3 antimagic dire flail
 V - a +4 antimagic lajatang
Missiles
 i - 8 poisoned needles
 q - 8 tomahawks of returning
 x - 23 tomahawks
 O - 8 large rocks (quivered)
 T - 4 throwing nets
Armour
 b - a +0 troll leather armour
 j - +0 acid dragon scales (worn)
 l - a +1 hat of magic resistance (worn)
 L - a +2 robe of fire resistance
Jewellery
 a - a ring of protection from magic (left claw)
 g - an uncursed ring of flight
 k - a ring of protection from magic (right claw)
 I - a +4 amulet of reflection (around neck)
Wands
 K - a wand of acid (4)
 R - a wand of flame (43)
 Z - a wand of iceblast (7)
Scrolls
 e - 2 scrolls of enchant weapon
 o - a scroll of immolation
 p - 2 scrolls of teleportation
 H - 2 scrolls of remove curse
 P - a scroll of brand weapon
 Y - a scroll of holy word {unknown}
Potions
 d - 3 potions of lignification
 h - 3 potions of flight
 s - 3 potions of resistance
 t - a potion of magic
 w - 5 potions of curing
 A - 2 potions of cancellation
 B - 5 potions of haste
 C - 4 potions of heal wounds
 X - a potion of agility
Comestibles
 c - 36 rations
 u - 10 chunks of flesh


   Skills:
 + Level 5.7 Fighting
 * Level 14.1 Maces & Flails
 + Level 4.4 Throwing
 + Level 5.0 Armour
 + Level 5.7 Dodging


You had 11 spell levels left.
You didn't know any spells.
Your spell library contained the following spells:

 Spells                   Type           Power        Failure   Level  Hunger
 Corona                   Hex            #......      58%         1    ##.....
 Magic Dart               Conj           #...         58%         1    ##.....
 Blink                    Tloc           N/A          73%         2    ###....
 Call Imp                 Summ           #.......     73%         2    ###....
 Ensorcelled Hibernation  Hex/Ice        #.....       73%         2    ###....
 Slow                     Hex            #.......     73%         2    ###....
 Confuse                  Hex            #.......     91%         3    ####...
 Conjure Flame            Conj/Fire      #.......     91%         3    ####...
 Dazzling Spray           Conj/Hex       #.....       91%         3    ####...
 Mephitic Cloud           Conj/Pois/Air  #.......     91%         3    ####...
 Tukima's Dance           Hex            #.......     91%         3    ####...


Dungeon Overview and Level Annotations

Branches:
Dungeon (11/15)            Temple (1/1) D:5            Lair (0/6) D:11
    Orc (2/2) D:10            Elf (0/3) Orc:2

Altars:
Ashenzari
Cheibriados
Dithmenos
Elyvilon
Fedhas
Gozag
Hepliaklqana
Kikubaaqudgha
Makhleb
Nemelex Xobeh
Okawaru
Qazlal
Ru
Sif Muna
Trog
Uskayaw
Vehumet
Wu Jian
Xom
Yredelemnul
Zin
The Shining One

Shops:
D:10 }   D:11 =

Annotations:
D:3 3 runed translucent doors, GordonOverkill's ghost, amateur DENe; tidbits's ghost, weakling GnSk
D:5 2 transporters, Flure's ghost, novice OpTm
Orc:1 1 runed translucent door


Innate Abilities, Weirdness & Mutations

You are too large for most types of armour.
You have claws for hands.
Your metabolism is lightning-fast.
You like to eat raw meat.
Your natural rate of healing is unusually fast.
You are covered in fur. (AC +1)
You have extremely tough skin. (AC +3)


Message History

Your ogre rages.
The orc knight misses you.
The orc warrior unwields a +0 arbalest.
You block the orc warrior's attack. The orc barely misses you.
An orc comes into view. It is wielding a +0 halberd.
You barely miss the orc warrior.
The orc shouts!
Your ogre barely misses the orc warrior.
The orc knight hits you from afar with a cursed -2 halberd!!
The orc hits you from afar with a +0 trident!
You are too injured to fight recklessly!
You are too injured to fight recklessly!
Unknown command.
As you read the scroll of teleportation, it crumbles to dust.
You feel strangely unstable.
Your ogre completely misses the orc warrior.
The orc warrior hits you!
* * * LOW HITPOINT WARNING * * *
The orc knight closely misses you.
The orc knight hits you from afar with a cursed -2 halberd!!
You die...

### #########§##
##.....##§§§#
#..≈≈≈o§#§§§#.
#.≈≈.≈≈.§§§o..
+.≈ooo≈.o.....≈o
#.≈≈o≈≈.......≈≈o≈
#..≈≈≈@.#§..#..≈≈≈
##...oO##...##.o..
#########∩## ####
##


You could see 2 orc knights, 3 orc warriors, 3 orcs and a friendly ogre
(berserk).

Vanquished Creatures
  Gastronok (D:11)
  Harold (D:9)
  A hydra (D:11)
  A cyclops (D:8)
  2 centaur zombies
  A gargoyle (D:10)
  2 komodo dragons
  6 trolls
  A hornet (D:9)
  A hippogriff (D:9)
  A wyvern (D:11)
  7 yaks (D:10)
  A steam dragon (D:8)
  3 hungry ghosts
  2 wargs (Orc:2)
  Menkaure (D:5)
  An acid dragon (D:11)
  A water moccasin (D:8)
  6 orc warriors
  Duvessa (D:4)
  5 ogres
  2 ice beasts
  A black bear (D:6)
  4 phantoms
  A centaur (D:11)
  Blork the orc (D:4)
  A big kobold (D:9)
  A wyvern zombie (D:10)
  9 bullfrogs
  Dowan (D:4)
  3 water moccasin skeletons
  4 scorpions (D:6)
  6 killer bees
  8 wights
  A howler monkey (D:6)
  3 crimson imps
  A quasit (D:6)
  3 hounds
  3 jellies
  16 orc wizards
  3 bullfrog skeletons
  2 iguanas (D:5)
  9 orc priests
  Ijyb (D:5)
  Natasha (D:2)
  8 worker ants
  A hound zombie (D:9)
  A hound skeleton (D:4)
  A howler monkey zombie (D:5)
  A worker ant zombie (D:11)
  8 gnolls
  A howler monkey skeleton (D:10)
  15 adders
  4 shadow imps
  An ooze (D:3)
  3 worms
  4 dart slugs
  3 leopard geckos
  57 orcs
  A giant cockroach (D:2)
  7 goblins
  A hobgoblin (D:1)
  A jackal (D:9)
  2 quokkas
  2 ball pythons
  7 bats
  6 frilled lizards
  2 kobolds
  A leopard gecko skeleton (D:5)
  A quokka zombie (D:5)
  8 rats
278 creatures vanquished.

Vanquished Creatures (collateral kills)
  Rupert (Orc:2)
  2 yaks (D:10)
  4 orc warriors
  An orc wizard (Orc:2)
  An orc priest (Orc:1)
  12 orcs
21 creatures vanquished.

Vanquished Creatures (others)
  7 fungi (D:6)
  2 plants (D:11)
  3 withered plants (D:3)
12 creatures vanquished.

Grand Total: 311 creatures vanquished

Notes
Turn   | Place    | Note
-------+----------+-------------------------------------------
     0 | D:1      | Gunterle the Troll Berserker began the quest for the Orb.
     0 | D:1      | Reached XP level 1. HP: 22/22 MP: 0/0
   214 | D:1      | Reached skill level 3 in Maces & Flails
   529 | D:2      | Reached XP level 2. HP: 28/29 MP: 1/1
   556 | D:2      | Found a blossoming altar of Fedhas.
  1043 | D:2      | Noticed Natasha
  1052 | D:2      | Killed Natasha
  1052 | D:2      | Reached skill level 4 in Maces & Flails
  1052 | D:2      | Reached XP level 3. HP: 36/36 MP: 2/2
  1227 | D:3      | Reached XP level 4. HP: 41/44 MP: 3/3
  1412 | D:3      | Found a runed translucent gate.
  1412 | D:3      | Found a runed translucent gate.
  1412 | D:3      | Found a runed translucent gate.
  1413 | D:3      | Noticed tidbits's ghost (weakling GnSk)
  1414 | D:3      | Noticed GordonOverkill's ghost (amateur DENe)
  1571 | D:3      | Reached ** piety under Trog
  1878 | D:3      | Noticed an air elemental
  1880 | D:3      | Found a stormy altar of Qazlal.
  1881 | D:3      | Noticed a water elemental
  1881 | D:3      | Noticed an earth elemental
  1881 | D:3      | Noticed a fire elemental
  2015 | D:4      | Noticed Duvessa
  2015 | D:4      | Noticed Dowan
  2022 | D:4      | Killed Duvessa
  2022 | D:4      | Reached skill level 5 in Maces & Flails
  2022 | D:4      | Reached XP level 5. HP: 50/50 MP: 4/4
  2024 | D:4      | Killed Dowan
  2024 | D:4      | Reached skill level 6 in Maces & Flails
  2027 | D:4      | Reached XP level 6. HP: 59/59 MP: 5/5
  2045 | D:4      | Found a radiant altar of Vehumet.
  2102 | D:4      | Noticed Blork the orc
  2122 | D:4      | Killed Blork the orc
  2418 | D:5      | Entered Level 5 of the Dungeon
  2428 | D:5      | Noticed Ijyb
  2430 | D:5      | Reached skill level 7 in Maces & Flails
  2438 | D:5      | Killed Ijyb
  2509 | D:5      | Reached XP level 7. HP: 63/66 MP: 6/6
  2577 | D:5      | Identified the +9 great mace of Beqeghoi {venom, Str+5
                  | Int+3 Dex-2}
  2577 | D:5      | Noticed Flure's ghost (novice OpTm)
  2578 | D:5      | Found a transporter.
  2582 | D:5      | Found a transporter.
  2633 | D:5      | Noticed Menkaure
  2639 | D:5      | Killed Menkaure
  2639 | D:5      | Reached skill level 8 in Maces & Flails
  2907 | D:5      | Found a staircase to the Ecumenical Temple.
  2916 | Temple   | Entered the Ecumenical Temple
  3085 | D:6      | Found a bloodstained altar of Trog.
  3166 | D:6      | Reached skill level 9 in Maces & Flails
  3166 | D:6      | Reached XP level 8. HP: 74/74 MP: 7/7
  3234 | D:6      | Reached *** piety under Trog
  3392 | D:6      | Reached skill level 10 in Maces & Flails
  3433 | D:6      | Paralysed by a wight for 2 turns
  3483 | D:6      | Noticed a troll
  3501 | D:6      | Killed a troll
  3503 | D:6      | Reached skill level 11 in Maces & Flails
  3503 | D:6      | Reached XP level 9. HP: 10/80 MP: 8/8
  4041 | D:7      | Reached **** piety under Trog
  4547 | D:8      | Reached skill level 12 in Maces & Flails
  4548 | D:8      | Noticed a cyclops
  4638 | D:8      | Killed a cyclops
  4638 | D:8      | Reached skill level 1 in Armour
  4670 | D:8      | Found a white marble altar of Elyvilon.
  4676 | D:8      | Found a sacrificial altar of Ru.
  4680 | D:8      | Found an iron altar of Okawaru.
  4737 | D:8      | Found a glowing silver altar of Zin.
  4839 | D:8      | Found a hazy altar of Hepliaklqana.
  4950 | D:8      | Found a basalt altar of Yredelemnul.
  5009 | D:8      | Found a burning altar of Makhleb.
  5009 | D:8      | Noticed a green death
  5012 | D:8      | Noticed a hellwing
  5012 | D:8      | Noticed an orange demon
  5085 | D:9      | Found a stormy altar of Qazlal.
  5124 | D:9      | Reached ***** piety under Trog
  5156 | D:9      | Noticed a troll
  5208 | D:9      | Reached XP level 10. HP: 91/91 MP: 9/9
  5297 | D:9      | Noticed Harold
  5312 | D:9      | Killed Harold
  5721 | D:9      | Reached skill level 1 in Throwing
  5849 | D:10     | Entered Level 10 of the Dungeon
  5874 | D:10     | Noticed a gargoyle
  5885 | D:10     | Killed a gargoyle
  5885 | D:10     | Reached skill level 13 in Maces & Flails
  5972 | D:10     | Received a gift from Trog
  6075 | D:10     | Found a staircase to the Orcish Mines.
  6279 | D:10     | Reached XP level 11. HP: 101/101 MP: 10/10
  6469 | D:10     | Found Ezeil's Gadget Shop.
  6902 | D:11     | Found a staircase to the Lair.
  6977 | D:11     | Noticed a five-headed hydra
  6986 | D:11     | Killed a five-headed hydra
  6986 | D:11     | Reached skill level 5 in Fighting
  7074 | D:11     | Reached skill level 5 in Dodging
  7118 | D:11     | Found Fihi Xiz's Jewellery Emporium.
  7266 | D:11     | Noticed Gastronok
  7279 | D:11     | Killed Gastronok
  7561 | Orc:1    | Entered Level 1 of the Orcish Mines
  7623 | Orc:1    | Found a runed translucent door.
  7637 | Orc:2    | Entered Level 2 of the Orcish Mines
  7676 | Orc:2    | Found a staircase to the Elven Halls.
  7770 | Orc:2    | Noticed Rupert
  7780 | Orc:2    | Killed Rupert
  7780 | Orc:2    | Reached skill level 14 in Maces & Flails
  7786 | Orc:2    | Received a gift from Trog
  7895 | Orc:1    | Reached skill level 5 in Armour
  7923 | Orc:1    | Reached XP level 12. HP: 70/113 MP: 11/11
  8005 | Orc:1    | Found a flagged portal.
  8011 | Bailey   | Entered a bailey
  8021 | Bailey   | Slain by an orc knight

Skill      XL: |  1  2  3  4  5  6  7  8  9 10 11 |
---------------+----------------------------------+-----
Maces & Flails | 3 4 5 6 7 9 11 12 13 14 | 14.1
Armour         | 1 3 5 |  5.0
Dodging        | 3 4 5 |  5.7
Fighting       | 3 4 5 |  5.7
Throwing       | 2 4 |  4.4

Action                   |  1- 3 |  4- 6 |  7- 9 | 10-12 || total
-------------------------+-------+-------+-------+-------++-------
Melee: Mace              |    75 |    19 |       |       ||    94
       Flail             |       |    94 |   336 |   398 ||   828
Throw: Tomahawk          |       |       |     1 |     1 ||     2
       Large rock        |       |       |       |    11 ||    11
Invok: Berserk           |     1 |     4 |     9 |    13 ||    27
       Brothers in Arms  |       |       |       |     5 ||     5
       Trog's Hand       |       |       |       |     2 ||     2
Evoke: Wand              |       |       |       |     1 ||     1
  Use: Scroll            |     4 |     4 |     8 |    15 ||    31
 Stab: Sleeping          |       |     1 |       |       ||     1
       Held in net/web   |       |       |     1 |       ||     1
  Eat: Chunk             |     7 |    19 |    40 |    50 ||   116
       Ration            |     1 |       |     1 |       ||     2
Armor: Animal skin       |    37 |    42 |    31 |       ||   110
       Robe              |       |       |     7 |       ||     7
       Troll leather arm |       |       |    69 |    51 ||   120
       Acid dragon scale |       |       |       |    45 ||    45
Dodge: Dodged            |    55 |    78 |   132 |   151 ||   416
Block: Other             |       |       |       |    47 ||    47
